 Dungeon Crawl Stone Soup version 0.31-a0-210-gccc998df9b (webtiles) character file.

Game seed: 15099638527759090532

285494 qw the Peltast (level 21, -3/139 HPs)
             Began as a Gargoyle Fighter on June 29, 2023.
             Was a High Priest of Okawaru.
             Killed from afar by an ironbound frostheart (6 damage)
             ... by creeping frost
             ... on level 2 of the Vaults.
             The game lasted 00:19:50 (31559 turns).

qw the Peltast (Gargoyle Fighter)                  Turns: 31559, Time: 00:19:50

Health: -3/139     AC: 44    Str: 39    XL:     21   Next: 1%
Magic:  26/28      EV: 15    Int: 15    God:    Okawaru [*****.]
Gold:   1004       SH: 26    Dex: 15    Spells: 20/20 levels left

rFire   + . .        G - +0 broad axe (spect)
rCold   + . .        J - +2 tower shield
rNeg    + + .        x - +0 plate armour "Ruti" {Regen+ rCorr Int+2}
rPois   inf          n - +1 helmet "Xilyn" {Str+3}
rElec   +            L - scarf {rC+ rF+}
rCorr   +            C - +2 pair of gloves
SInv    +            h - +0 pair of boots "Kekuntoph" {Fly rElec rN+}
Will    +....        e - amulet of faith Stlth
                     A - ring "Qourchuy" {Drain Str+6 Int+3 Dex+6}
HPRegen 1.23/turn    B - ring of see invisible
MPRegen 0.21/turn

%: faith
@: about to teleport, heroic, flying
A: sickness immunity, AC +16, big wings, negative energy resistance 1,
electricity resistance, torment resistance 1, petrification resistance
}: 1/15 runes: gossamer
a: Renounce Religion, Heroism, Finesse, Duel


You were on level 2 of the Vaults.
You worshipped Okawaru.
Okawaru was extremely pleased with you.
You visited 7 branches of the dungeon, and saw 32 of its levels.
You visited the Abyss 1 time.

You collected 3709 gold pieces.
You spent 2705 gold pieces at shops.


Innate Abilities, Weirdness & Mutations

You are immune to sickness and miasma.
Your stone body is resilient. (AC +16)
You are immune to poison.
Your large and strong wings let you fly.
You resist negative energy. (rN+)
You are resistant to electric shocks. (rElec)
You are resistant to unholy torment.
You are immune to petrification.


   Skills:
 - Level 17.0(22.0) Fighting
 - Level 18.0(23.0) Axes
 - Level 9.0(14.0) Throwing
 + Level 15.7(20.7) Armour
 - Level 7.0(12.0) Dodging
 - Level 19.2(24.2) Shields
 - Level 10.0 Invocations


You had 20 spell levels left.
You didn't know any spells.
Your spell library was empty.

Inventory:

Hand Weapons
 k - a +9 broad axe of freezing
 G - a +0 spectral broad axe (weapon)
Missiles
 t - a silver boomerang
 u - 3 boomerangs of dispersal
 I - 2 javelins (quivered)
 K - 6 boomerangs
Armour
 h - the +0 pair of boots "Kekuntoph" (worn) {Fly rElec rN+}
   (Okawaru gifted it to you on level 4 of the Lair of Beasts)

   rElec:     It insulates you from electricity.
   rN:        It protects you from negative energy.
   Fly:       It grants you flight.
 n - the +1 helmet "Xilyn" (worn) {Str+3}
   (Okawaru gifted it to you on level 13 of the Dungeon)

   Str:       It affects your strength (+3).
 w - a +2 cloak
 x - the +0 plate armour "Ruti" (worn) {Regen+ rCorr Int+2}
   (You found it on level 11 of the Dungeon)

   Int:       It affects your intelligence (+2).
   Regen:     It increases your rate of health regeneration.
   rCorr:     It protects you from acid and corrosion.
 C - a +2 pair of gloves (worn)
 J - a +2 tower shield (worn)
 L - a scarf of resistance (worn)
 N - a +1 plate armour of fire resistance
Jewellery
 e - an amulet of faith (around neck)
 m - an amulet of regeneration
 v - the ring "Numiodeh" {Ice Will+ Stlth+}
   (You bought it in a shop on level 1 of the Orcish Mines)

   [ring of ice]

   It enhances your ice magic.
   rF:        It makes you vulnerable to fire.
   rC:        It protects you from cold.
   Will:      It increases your willpower.
   Stlth:     It makes you more stealthy.
 A - the ring "Qourchuy" (left hand) {Drain Str+6 Int+3 Dex+6}
   (You bought it in a shop on level 1 of the Orcish Mines)

   [ring of dexterity]

   Str:       It affects your strength (+6).
   Int:       It affects your intelligence (+3).
   Dex:       It affects your dexterity (+6).
   Drain:     It drains your maximum health when unequipped.
 B - a ring of see invisible (right hand)
 E - a +4 ring of slaying {mikee}
 F - the ring of the Tick {Ice rElec rN+ Int-3 Dex+6}
   (You found it on level 5 of the Lair of Beasts)

   [ring of ice]

   It enhances your ice magic.
   Int:       It affects your intelligence (-3).
   Dex:       It affects your dexterity (+6).
   rF:        It makes you vulnerable to fire.
   rC:        It protects you from cold.
   rElec:     It insulates you from electricity.
   rN:        It protects you from negative energy.
 H - a ring of resist corrosion
 M - a ring of fire
Wands
 b - a wand of digging (17)
Scrolls
 c - 3 scrolls of enchant armour
 i - 12 scrolls of identify
Potions
 a - 2 potions of resistance
 d - 6 potions of might
 f - 6 potions of curing
 g - 5 potions of cancellation
 j - 4 potions of heal wounds
 l - 4 potions of attraction
 o - 4 potions of haste
 p - 6 potions of enlightenment
 q - 2 potions of magic
 r - 2 potions of lignification
 z - 5 potions of mutation

Dungeon Overview and Level Annotations

Branches:
Dungeon (15/15)            Temple (1/1) D:5            Lair (5/5) D:11
  Swamp (3/4) Lair:3       Spider (4/4) Lair:3        Slime (0/5) Lair:5
    Orc (2/2) D:12            Elf (0/3) Orc:2        Vaults (2/5) D:14
 Depths (0/4) D:15
  Crypt: Vaults:2-3

Altars:
Ashenzari
Cheibriados
Dithmenos
Elyvilon
Fedhas
Gozag
Hepliaklqana
Kikubaaqudgha
Makhleb
Nemelex Xobeh
Okawaru
Qazlal
Ru
Sif Muna
Trog
Uskayaw
Vehumet
Wu Jian
Xom
Yredelemnul
Zin
The Shining One
Jiyva

Shops:
D:1 =   D:3 !   D:4 :   D:11 *   Orc:1 =   Orc:2 [!?(

Annotations:
D:6 1 runed translucent door, Crazy Yiuf
D:11 3 runed translucent doors, qw's ghost, journeyman DEHu
Lair:5 1 runed translucent door
Vaults:2 Sojobo


Message History

Your +0 spectral broad axe hits the fire giant but does no damage.
Your +0 spectral broad axe hits the stone giant! x2
You kill the stone giant!
Okawaru accepts your kill.
Your +0 spectral broad axe hits the sea snake.
Your +0 spectral broad axe hits the fire giant!
A frost giant comes into view.
It is wielding a +2 battleaxe of freezing.
The ironbound frostheart calls freezing cold from the walls.
The frost grips you. You resist.
You are encased in ice.
The frost grips your +0 spectral broad axe!
Your +0 spectral broad axe resists.
Your spectral weapon shares its damage with you!
The fire giant hits your +0 spectral broad axe with a +0 great sword of flaming.
Your spectral weapon shares its damage with you!
A quicksilver dragon comes into view.
You hear a shout!
31558 ||| READING 2 scrolls of teleportation.
As you read the scroll of teleportation, it crumbles to dust.
You feel strangely unstable.
Your +0 spectral broad axe disappears.
You block the sea snake's attack.
The quicksilver dragon breathes dispelling energy at you.
The bolt of dispelling energy hits you but does no damage.
You feel strangely stable.
Your magical effects are unravelling.
The sphinx mumbles some strange words.
Something smites you! You block the fire giant's attack.
The ironbound frostheart calls freezing cold from the walls.
The frost grips you! You resist. You block the sea snake's attack.
You hear a shout!
31559 ||| READING scroll of teleportation.
As you read the scroll of teleportation, it crumbles to dust.
You feel strangely unstable. The ice encasing you melts away.
The fire giant points at you and mumbles some strange words.
The bolt of fire hits you! You resist.
The ironbound frostheart calls freezing cold from the walls.
The frost grips you. You resist.
You die...

.......#...#
.....D.#(..#
.......#...#
.......#...# #
.......#...# #
.......#...## #
......S(..))#p#
#
......(@)...'..
#
.....HC#..)###.
# .......#...#
# .......#..)#
# .......#...#
# ..C....#...#
# .......#((.#
# .....#######
#


You could see a frost giant, a fire giant, a quicksilver dragon, a sphinx, a sea
snake shaped shifter (strong) and an ironbound frostheart.

Vanquished Creatures
  Bai Suzhen (Spider:4)
  Saint Roka (Vaults:1)
  Arachne (Spider:2)
  Mlioglotl (Spider:4)
  Rupert (Lair:3)
  Jorgrun (Spider:2)
  Asterion (Vaults:1)
  2 tentacled starspawn (Abyss:2)
  A tengu reaver (Vaults:2)
  Kirke (D:12)
  A fire giant (Vaults:2)
  8 ghost moths
  6 vault wardens
  6 emperor scorpions
  Aizul (Spider:2)
  Louise (Spider:4)
  2 orc warlords
  A formless jellyfish (Vaults:1)
  7 ironbound preservers
  2 stone giants (Vaults:2)
  4 broodmothers
  2 eleionomae
  3 dire elephants
  4 bunyips
  3 ettins
  A crystal guardian (Vaults:1)
  2 yaktaur captains
  A fire dragon (D:14)
  Fannar (Orc:1)
  4 great orbs of eyes
  2 entropy weavers
  An entropy weaver (shapeshifter) (D:14)
  2 jorogumos
  A peacekeeper (Vaults:1)
  6 hydras
  3 shambling mangroves
  21 vault guards
  2 catoblepae
  2 radroaches
  5 ghost crabs
  10 centaur warriors
  3 alligators
  4 ogre magi (Orc:2)
  A spriggan air mage (Swamp:3)
  3 ironbound frosthearts
  16 two-headed ogres
  A tengu warrior (D:15)
  A death knight (D:15)
  9 death yaks
  6 boulder beetles
  A deep troll shaman (Lair:5)
  4 thrashing horrors (Abyss:2)
  5 demonic crawlers
  Nergalle (Lair:3)
  4 skeletal warriors (D:15)
  A skyshark (Lair:4)
  A shadow wraith (Abyss:2)
  A deep elf knight (Swamp:3)
  3 pharaoh ants
  2 sun moths
  A sixfirhy (Abyss:2)
  A glowing orange brain (Vaults:1)
  2 swamp dragons (Swamp:1)
  A shadow demon (Abyss:2)
  2 goliath frogs
  A deep elf archer (Swamp:3)
  19 deep trolls
  2 bog bodies (Swamp:1)
  10 ironbound convokers
  12 orb spiders
  A spriggan druid (Swamp:3)
  A harpy (Vaults:1)
  2 steelbarb worms
  Pikel (D:5)
  2 wizards
  6 lindwurms
  A phantasmal warrior (D:15)
  17 wolf spiders
  2 orc sorcerers
  A human zombie (Vaults:1)
  3 necromancers
  41 ugly things
  2 deep elf pyromancers
  A fire giant zombie (Vaults:1)
  3 will-o-the-wisps
  6 cyclopes
  2 manticores
  A moth of wrath (Spider:1)
  An apocalypse crab (Abyss:2)
  A centaur zombie (Abyss:2)
  Maurice (D:13)
  15 elephants
  2 human skeletons (Vaults:1)
  A black mamba (Lair:3)
  11 cane toads
  A smoke demon (Abyss:2)
  4 vault sentinels (Vaults:1)
  2 gargoyles (D:12)
  4 torpor snails
  An unseen horror (D:11)
  10 rime drakes
  A freezing wraith (D:14)
  9 komodo dragons
  12 yaktaurs
  A tengu conjurer (D:11)
  An efreet (D:13)
  7 trolls
  9 meliai
  An ancient zyme (Abyss:2)
  16 hornets
  18 tarantellas
  A spectral lindwurm (Lair:3)
  3 polar bears
  21 blink frogs
  A spectral dream sheep (Lair:3)
  A queen bee (Lair:1)
  6 tyrant leeches
  A raiju (Swamp:3)
  Prince Ribbit (D:8)
  2 dream sheep (Lair:4)
  20 slime creatures
  2 centaur simulacra (D:15)
  22 culicivoras
  Sigmund (D:5)
  2 shadows
  29 jumping spiders
  A yak (shapeshifter) (D:13)
  4 spriggans
  5 small abominations (Abyss:2)
  A dire elephant simulacrum (Abyss:2)
  49 yaks
  6 wraiths
  A vampire (D:11)
  9 basilisks
  A human (D:12)
  A neqoxec (Abyss:2)
  9 wyverns
  A steam dragon (D:10)
  5 hogs (D:12)
  A chaos spawn (Abyss:2)
  57 redbacks
  21 vampire mosquitoes
  Edmund (D:6)
  11 swamp worms
  A warg (Orc:1)
  2 acid dragons
  15 water moccasins
  A glowing shapeshifter skeleton (Vaults:1)
  A swamp drake (Swamp:3)
  7 black bears
  A meliai simulacrum (D:14)
  A spectral polar bear (Lair:3)
  17 orc warriors
  2 ice beasts (D:6)
  3 large abominations (Abyss:2)
  25 ogres
  9 centaurs
  A boggart (Vaults:1)
  18 wolves
  2 phantoms
  10 kobold brigands
  Blork the orc (D:6)
  4 gnoll sergeants (D:12)
  15 bullfrogs
  4 scorpions
  4 wights (D:7)
  31 killer bees
  4 electric eels
  3 howler monkeys
  3 lava snakes (Lair:5)
  3 hounds
  2 jellies
  18 orc priests
  A gnoll bouda (Orc:1)
  5 starcursed masses (Abyss:2)
  4 iguanas
  Jessica (D:3)
  23 orc wizards
  8 hell rats (Lair:4)
  A boggart simulacrum (D:15)
  Robin (D:4)
  10 gnolls
  7 adders
  2 shadow imps
  3 worms
  4 dart slugs
  59 orcs
  6 endoplasms
  2 giant cockroaches
  20 goblins
  6 hobgoblins
  4 jackals (D:3)
  24 kobolds
  8 ball pythons
  3 bats
  4 frilled lizards
  4 starspawn tentacles
1181 creatures vanquished.

Vanquished Creatures (others)
  A pharaoh ant (Spider:1)
  A bog body (Swamp:2)
  2 bloated husks (Swamp:2)
  A tyrant leech (Swamp:2)
  2 swamp worms
  12 foxfires
  15 spectral weapons
  5 starspawn tentacles
39 creatures vanquished.

Grand Total: 1220 creatures vanquished

Notes
Turn   | Place    | Note
-------+----------+-------------------------------------------
     0 | D:1      | qw the Gargoyle Fighter began the quest for the Orb.
     0 | D:1      | Reached XP level 1. HP: 14/14 MP: 1/1
     0 | D:1      | 0 ||| qw: Version: 0.3-a-24-ga2abf7b
     0 | D:1      | 0 ||| qw: Game counter: 7000
     0 | D:1      | 0 ||| qw: Melee chars always use a shield: true
     0 | D:1      | 0 ||| qw: God list: Okawaru
     0 | D:1      | 0 ||| qw: Allow faded altars: false
     0 | D:1      | 0 ||| qw: Do Orc after clearing Dungeon:15 true
     0 | D:1      | 0 ||| qw: Do second Lair branch before Depths: true
     0 | D:1      | 0 ||| qw: Lair rune preference: random
     0 | D:1      | 0 ||| qw: Goals: Normal, Zot:1-4, Slime:5, God:TSO, Crypt,
                  | Tomb, Abyss, Pan, Hells, Win
     0 | D:1      | 0 ||| PLANNING D:1-11
    56 | D:1      | Found Zeoch's Jewellery Boutique.
    69 | D:1      | 69 ||| SHOPLISTING amulet of regeneration (420 gold, have
                  | 0).
    69 | D:1      | 69 ||| SHOPLISTING amulet of the acrobat (420 gold, have
                  | 0).
    69 | D:1      | 69 ||| SHOPLISTING ring of willpower (350 gold, have 0).
   170 | D:1      | Reached XP level 2. HP: 19/19 MP: 2/2
   186 | D:1      | 186 ||| DROPPING +0 club.
   424 | D:1      | 424 ||| Stepping ~*~*~tactically~*~*~ (stealth).
   555 | D:1      | Found a faded altar of an unknown god.
   634 | D:1      | 634 ||| READING scroll labelled CITREFFEGI.
   635 | D:1      | 635 ||| READING scroll labelled IGOANGETIR.
   636 | D:1      | 636 ||| READING scroll labelled JIORAO OQUOMOAME.
   637 | D:1      | 637 ||| READING scroll labelled LAIPYC UPSUTRI.
   812 | D:2      | 812 ||| Stepping ~*~*~tactically~*~*~ (stealth).
   814 | D:2      | Reached skill level 3 in Axes
   851 | D:2      | Reached XP level 3. HP: 23/23 MP: 3/3
  1243 | D:2      | Reached skill level 1 in Throwing
  1672 | D:2      | 1672 ||| UPGRADING to amulet of faith.
  1677 | D:2      | 1677 ||| READING 3 scrolls labelled UPOUTHRUPTI.
  1678 | D:2      | 1678 ||| READING 2 scrolls of identify.
  1678 | D:2      | 1678 ||| IDENTIFYING black potion
  1733 | D:3      | 1733 ||| Stepping ~*~*~tactically~*~*~ (stealth).
  1735 | D:3      | 1735 ||| Stepping ~*~*~tactically~*~*~ (stealth).
  1758 | D:3      | Reached XP level 4. HP: 28/28 MP: 4/4
  1767 | D:3      | Noticed Jessica
  1775 | D:3      | 1775 ||| Stepping ~*~*~tactically~*~*~ (hiding).
  1776 | D:3      | 1776 ||| Stepping ~*~*~tactically~*~*~ (hiding).
  1777 | D:3      | 1777 ||| Stepping ~*~*~tactically~*~*~ (hiding).
  1779 | D:3      | Killed Jessica
  1794 | D:3      | Noticed an ogre
  1795 | D:3      | 1795 ||| Stepping ~*~*~tactically~*~*~ (stealth).
  1870 | D:3      | 1870 ||| Stepping ~*~*~tactically~*~*~ (stealth).
  1877 | D:3      | Killed an ogre
  1878 | D:3      | Reached XP level 5. HP: 17/32 MP: 5/5
  2144 | D:3      | Found a glowing silver altar of Zin.
  2187 | D:3      | Found Japud's Distillery.
  2196 | D:3      | 2196 ||| BUYING 2 potions of heal wounds (130 gold).
  2196 | D:3      | Bought 2 potions of heal wounds for 130 gold pieces
  2196 | D:3      | 2196 ||| SHOPLISTING potion of curing (39 gold, have 16).
  2196 | D:3      | 2196 ||| SHOPLISTING potion of heal wounds (65 gold, have
                  | 16).
  2196 | D:3      | 2196 ||| SHOPLISTING potion of might (52 gold, have 16).
  2196 | D:3      | 2196 ||| SHOPLISTING potion of mutation (104 gold, have
                  | 16).
  2279 | D:3      | 2279 ||| READING scroll labelled AGYONE DIKUMIF.
  2280 | D:3      | 2280 ||| READING 2 scrolls labelled CUPPOP DEBLI.
  2281 | D:3      | 2281 ||| READING 3 scrolls labelled WYUVEO IKUIPN.
  2282 | D:3      | 2282 ||| READING 2 scrolls of identify.
  2282 | D:3      | 2282 ||| IDENTIFYING coppery potion
  2283 | D:3      | 2283 ||| DROPPING scroll of vulnerability.
  2284 | D:3      | 2284 ||| DROPPING 2 scrolls of amnesia.
  2294 | D:4      | Noticed Robin
  2305 | D:4      | Killed Robin
  2306 | D:4      | Reached XP level 6. HP: 20/38 MP: 6/6
  2390 | D:4      | Found an ancient bone altar of Kikubaaqudgha.
  2483 | D:4      | Found Zahe Jozi's Self-Improvement Boutique.
  2552 | D:4      | 2552 ||| DROPPING +0 mace.
  2615 | D:4      | Noticed a black bear
  2626 | D:4      | Reached skill level 1 in Dodging
  2627 | D:4      | Killed a black bear
  2959 | D:4      | 2959 ||| UPGRADING to +0 helmet.
  2964 | D:4      | 2964 ||| READING scroll labelled QYORIU VAUTHRUC.
  2965 | D:4      | 2965 ||| READING scroll labelled LEOJOG EPS.
  3090 | D:5      | Entered Level 5 of the Dungeon
  3095 | D:5      | 3095 ||| STAIRDANCE
  3131 | D:5      | Reached XP level 7. HP: 43/43 MP: 7/7
  3137 | D:5      | 3137 ||| Stepping ~*~*~tactically~*~*~ (stealth).
  3147 | D:5      | 3147 ||| Stepping ~*~*~tactically~*~*~ (hiding).
  3157 | D:5      | 3157 ||| Stepping ~*~*~tactically~*~*~ (hiding).
  3165 | D:5      | Reached skill level 6 in Axes
  3205 | D:5      | Noticed Pikel
  3216 | D:5      | HP: 10/43 [Pikel/+2 whip of flaming (1)]
  3217 | D:5      | 3217 ||| DRINKING 3 potions of heal wounds.
  3220 | D:5      | Killed Pikel
  3221 | D:5      | Reached XP level 8. HP: 33/48 MP: 8/8
  3286 | D:5      | Found a staircase to the Ecumenical Temple.
  3287 | D:5      | 3287 ||| PLANNING TEMPLE
  3287 | D:5      | 3287 ||| UPGRADING to +0 chain mail.
  3297 | D:5      | 3297 ||| DROPPING +0 scale mail.
  3303 | Temple   | Entered the Ecumenical Temple
  3357 | Temple   | 3357 ||| PLANNING OKAWARU WORSHIP
  3417 | Temple   | Became a worshipper of Warmaster Okawaru
  3418 | Temple   | 3418 ||| PLANNING D:1-11
  3457 | D:5      | Noticed Sigmund
  3458 | D:5      | 3458 ||| Stepping ~*~*~tactically~*~*~ (hiding).
  3460 | D:5      | 3460 ||| Stepping ~*~*~tactically~*~*~ (hiding).
  3461 | D:5      | 3461 ||| Stepping ~*~*~tactically~*~*~ (hiding).
  3469 | D:5      | Killed Sigmund
  3710 | D:5      | Found a snail-covered altar of Cheibriados.
  3793 | D:5      | Reached skill level 6 in Fighting
  3794 | D:5      | Reached * piety under Okawaru
  3844 | D:5      | 3844 ||| INVOKING Heroism.
  3845 | D:5      | 3845 ||| INVOKING Heroism.
  3867 | D:5      | 3867 ||| READING scroll of brand weapon.
  3867 | D:5      | 3867 ||| BRANDING +0 war axe of draining.
  3868 | D:5      | 3868 ||| DROPPING +0 hand axe.
  3943 | D:5      | Found a shadowy altar of Dithmenos.
  3948 | D:5      | 3948 ||| READING scroll labelled BIWNYG UQYS.
  3948 | D:5      | Identified a scroll of acquirement
  3948 | D:5      | 3948 ||| ACQUIRING ring of willpower
  3948 | D:5      | Acquired a ring of willpower
  3950 | D:5      | 3950 ||| UPGRADING to ring of willpower.
  3951 | D:5      | 3951 ||| READING scroll labelled IDUETU CAPRUIN.
  3964 | D:6      | 3964 ||| Stepping ~*~*~tactically~*~*~ (hiding).
  3966 | D:6      | 3966 ||| Stepping ~*~*~tactically~*~*~ (hiding).
  3971 | D:6      | Noticed Blork the orc
  3981 | D:6      | Killed Blork the orc
  3982 | D:6      | 3982 ||| INVOKING Heroism.
  3988 | D:6      | Reached XP level 9. HP: 30/55 MP: 6/9
  4108 | D:6      | Reached skill level 1 in Invocations
  4133 | D:6      | Reached skill level 9 in Axes
  4179 | D:6      | Found a runed translucent door.
  4180 | D:6      | Noticed Crazy Yiuf
  4203 | D:6      | Found a hazy altar of Hepliaklqana.
  4244 | D:6      | Noticed Edmund
  4245 | D:6      | 4245 ||| INVOKING Heroism.
  4258 | D:6      | Killed Edmund
  4265 | D:6      | 4265 ||| DROPPING +0 flail.
  4349 | D:6      | Reached skill level 4 in Shields
  4361 | D:6      | Reached skill level 3 in Invocations
  4366 | D:6      | 4366 ||| INVOKING Heroism.
  4386 | D:6      | 4386 ||| INVOKING Heroism.
  4755 | D:6      | 4755 ||| UPGRADING to +0 plate armour.
  4765 | D:6      | 4765 ||| DROPPING +0 chain mail.
  4766 | D:6      | 4766 ||| READING 5 scrolls of identify.
  4766 | D:6      | 4766 ||| IDENTIFYING amethyst potion
  4767 | D:6      | 4767 ||| READING 4 scrolls of identify.
  4767 | D:6      | 4767 ||| IDENTIFYING ruby potion
  4768 | D:6      | 4768 ||| READING 3 scrolls of identify.
  4768 | D:6      | 4768 ||| IDENTIFYING glowing golden potion
  4769 | D:6      | 4769 ||| READING 2 scrolls of identify.
  4769 | D:6      | 4769 ||| IDENTIFYING dark potion
  4943 | D:7      | 4943 ||| Stepping ~*~*~tactically~*~*~ (stealth).
  5026 | D:7      | 5026 ||| Stepping ~*~*~tactically~*~*~ (hiding).
  5078 | D:7      | 5078 ||| Stepping ~*~*~tactically~*~*~ (stealth).
  5080 | D:7      | 5080 ||| Stepping ~*~*~tactically~*~*~ (stealth).
  5086 | D:7      | Reached ** piety under Okawaru
  5088 | D:7      | 5088 ||| Stepping ~*~*~tactically~*~*~ (hiding).
  5097 | D:7      | 5097 ||| INVOKING Heroism.
  5102 | D:7      | Reached skill level 6 in Armour
  5105 | D:7      | 5105 ||| Stepping ~*~*~tactically~*~*~ (stealth).
  5107 | D:7      | 5107 ||| Stepping ~*~*~tactically~*~*~ (stealth).
  5132 | D:7      | 5132 ||| FLEEEEING.
  5169 | D:7      | 5169 ||| Stepping ~*~*~tactically~*~*~ (stealth).
  5171 | D:7      | 5171 ||| Stepping ~*~*~tactically~*~*~ (hiding).
  5397 | D:7      | 5397 ||| Stepping ~*~*~tactically~*~*~ (stealth).
  5414 | D:7      | 5414 ||| INVOKING Heroism.
  5417 | D:7      | Reached XP level 10. HP: 63/63 MP: 10/13
  5680 | D:7      | 5680 ||| DRINKING 2 clear potions.
  5681 | D:7      | 5681 ||| READING 3 scrolls of identify.
  5681 | D:7      | 5681 ||| IDENTIFYING grey potion
  5682 | D:7      | 5682 ||| READING 2 scrolls of identify.
  5682 | D:7      | 5682 ||| IDENTIFYING fizzy white potion
  5683 | D:7      | 5683 ||| DROPPING potion of invisibility.
  5684 | D:7      | 5684 ||| DROPPING potion of ambrosia.
  5685 | D:7      | 5685 ||| DROPPING potion of degeneration.
  5808 | D:8      | 5808 ||| SWAPPING to +0 broad axe.
  5809 | D:8      | 5809 ||| DROPPING +0 war axe of electrocution.
  5829 | D:8      | 5829 ||| Stepping ~*~*~tactically~*~*~ (hiding).
  5831 | D:8      | 5831 ||| Stepping ~*~*~tactically~*~*~ (hiding).
  5832 | D:8      | 5832 ||| Stepping ~*~*~tactically~*~*~ (hiding).
  5839 | D:8      | 5839 ||| INVOKING Heroism.
  5869 | D:8      | 5869 ||| DROPPING +2 flail of protection.
  5949 | D:8      | 5949 ||| INVOKING Heroism.
  6014 | D:8      | Found a stormy altar of Qazlal.
  6014 | D:8      | Noticed a two-headed ogre
  6015 | D:8      | 6015 ||| INVOKING Heroism.
  6016 | D:8      | 6016 ||| READING 2 scrolls of identify.
  6016 | D:8      | 6016 ||| IDENTIFYING blue potion
  6017 | D:8      | Noticed Prince Ribbit
  6018 | D:8      | 6018 ||| Stepping ~*~*~tactically~*~*~ (stealth).
  6028 | D:8      | Killed a two-headed ogre
  6034 | D:8      | Found a hide-covered altar of Uskayaw.
  6051 | D:8      | 6051 ||| INVOKING Heroism.
  6053 | D:8      | HP: 15/64 [Prince Ribbit (6)]
  6054 | D:8      | 6054 ||| READING scroll of teleportation.
  6055 | D:8      | 6055 ||| DRINKING 5 potions of heal wounds.
  6057 | D:8      | Killed Prince Ribbit
  6367 | D:8      | 6367 ||| INVOKING Heroism.
  6369 | D:8      | Reached skill level 5 in Shields
  6371 | D:8      | Reached *** piety under Okawaru
  6548 | D:8      | 6548 ||| INVOKING Heroism.
  6632 | D:8      | 6632 ||| DROPPING potion of brilliance.
  6728 | D:9      | Found a blossoming altar of Fedhas.
  6741 | D:9      | Noticed a two-headed ogre
  6742 | D:9      | 6742 ||| INVOKING Heroism.
  6755 | D:9      | Killed a two-headed ogre
  6878 | D:9      | Identified the +0 robe of the Heron {Drain rElec Will+++
                  | Str+2}
  6889 | D:9      | 6889 ||| Stepping ~*~*~tactically~*~*~ (hiding).
  6894 | D:9      | 6894 ||| Stepping ~*~*~tactically~*~*~ (stealth).
  6898 | D:9      | 6898 ||| INVOKING Heroism.
  6913 | D:9      | 6913 ||| Stepping ~*~*~tactically~*~*~ (hiding).
  7124 | D:9      | 7124 ||| READING scroll of acquirement.
  7124 | D:9      | 7124 ||| ACQUIRING +3 broad axe of freezing
  7124 | D:9      | Acquired a +3 broad axe of freezing
  7126 | D:9      | 7126 ||| SWAPPING to +3 broad axe of freezing.
  7127 | D:9      | 7127 ||| DROPPING +0 broad axe.
  7402 | D:9      | 7402 ||| Stepping ~*~*~tactically~*~*~ (hiding).
  7403 | D:9      | 7403 ||| Stepping ~*~*~tactically~*~*~ (hiding).
  7404 | D:9      | 7404 ||| Stepping ~*~*~tactically~*~*~ (hiding).
  7405 | D:9      | 7405 ||| Stepping ~*~*~tactically~*~*~ (hiding).
  7406 | D:9      | 7406 ||| Stepping ~*~*~tactically~*~*~ (hiding).
  7407 | D:9      | 7407 ||| INVOKING Heroism.
  7419 | D:9      | Received a gift from Okawaru
  7420 | D:9      | Reached skill level 9 in Fighting
  7420 | D:9      | Reached XP level 11. HP: 55/71 MP: 12/14
  7433 | D:9      | 7433 ||| INVOKING Heroism.
  7546 | D:9      | Found a white marble altar of Elyvilon.
  7621 | D:9      | 7621 ||| UPGRADING to +0 cloak.
  7626 | D:9      | 7626 ||| READING 2 scrolls labelled LUGAOC VUAGHUR.
  7627 | D:9      | 7627 ||| DRINKING 2 brown potions.
  7628 | D:9      | 7628 ||| READING 3 scrolls of identify.
  7628 | D:9      | 7628 ||| IDENTIFYING murky ruby potion
  7629 | D:9      | 7629 ||| DROPPING scroll of immolation.
  7659 | D:10     | Entered Level 10 of the Dungeon
  7721 | D:10     | 7721 ||| INVOKING Heroism.
  7993 | D:10     | 7993 ||| Stepping ~*~*~tactically~*~*~ (stealth).
  8065 | D:10     | 8065 ||| Stepping ~*~*~tactically~*~*~ (stealth).
  8074 | D:10     | Reached **** piety under Okawaru
  8078 | D:10     | 8078 ||| INVOKING Heroism.
  8218 | D:10     | 8218 ||| Stepping ~*~*~tactically~*~*~ (stealth).
  8472 | D:10     | 8472 ||| Stepping ~*~*~tactically~*~*~ (hiding).
  8473 | D:10     | 8473 ||| Stepping ~*~*~tactically~*~*~ (hiding).
  8474 | D:10     | 8474 ||| Stepping ~*~*~tactically~*~*~ (hiding).
  8507 | D:10     | 8507 ||| Stepping ~*~*~tactically~*~*~ (stealth).
  8509 | D:10     | 8509 ||| Stepping ~*~*~tactically~*~*~ (hiding).
  8518 | D:10     | 8518 ||| Stepping ~*~*~tactically~*~*~ (stealth).
  8562 | D:10     | Found a bloodstained altar of Trog.
  8562 | D:10     | Found a sacrificial altar of Ru.
  8569 | D:10     | Found a faded altar of an unknown god.
  8571 | D:10     | Found a faded altar of an unknown god.
  8573 | D:10     | Found a basalt altar of Yredelemnul.
  8648 | D:10     | 8648 ||| DROPPING orb of energy.
  8649 | D:10     | 8649 ||| READING scroll labelled VUBBEIRPHEE.
  8650 | D:10     | 8650 ||| READING 3 scrolls of identify.
  8650 | D:10     | 8650 ||| IDENTIFYING purple potion
  8679 | D:11     | 8679 ||| Stepping ~*~*~tactically~*~*~ (stealth).
  8681 | D:11     | 8681 ||| INVOKING Heroism.
  8684 | D:11     | 8684 ||| Stepping ~*~*~tactically~*~*~ (hiding).
  8723 | D:11     | 8723 ||| Stepping ~*~*~tactically~*~*~ (stealth).
  8725 | D:11     | 8725 ||| Stepping ~*~*~tactically~*~*~ (stealth).
  8726 | D:11     | 8726 ||| Stepping ~*~*~tactically~*~*~ (stealth).
  8729 | D:11     | 8729 ||| INVOKING Heroism.
  8781 | D:11     | Noticed a two-headed ogre
  8782 | D:11     | 8782 ||| INVOKING Heroism.
  8788 | D:11     | Killed a two-headed ogre
  8836 | D:11     | Found a staircase to the Lair.
  8845 | D:11     | 8845 ||| Stepping randomly (disturbance).
  8877 | D:11     | Reached skill level 12 in Axes
  9050 | D:11     | Found Innusop's General Store.
  9057 | D:11     | 9057 ||| SHOPLISTING ring "Trusted Companion" {Str+4 Int+6
                  | Dex+3} (692 gold, have 284).
  9104 | D:11     | Noticed a two-headed ogre
  9105 | D:11     | 9105 ||| INVOKING Heroism.
  9111 | D:11     | Killed a two-headed ogre
  9111 | D:11     | Reached ***** piety under Okawaru
  9112 | D:11     | Reached skill level 6 in Invocations
  9310 | D:11     | Found a runed translucent gate.
  9310 | D:11     | Found a runed translucent gate.
  9310 | D:11     | Found a runed translucent gate.
  9311 | D:11     | Noticed qw's ghost (journeyman DEHu)
  9371 | D:11     | 9371 ||| INVOKING Heroism.
  9482 | D:11     | 9482 ||| FLEEEEING.
  9483 | D:11     | 9483 ||| FLEEEEING.
  9484 | D:11     | 9484 ||| FLEEEEING.
  9485 | D:11     | 9485 ||| FLEEEEING.
  9486 | D:11     | 9486 ||| FLEEEEING.
  9487 | D:11     | 9487 ||| FLEEEEING.
  9488 | D:11     | 9488 ||| FLEEEEING.
  9499 | D:11     | Reached skill level 6 in Shields
  9517 | D:11     | Noticed a cyclops
  9518 | D:11     | 9518 ||| INVOKING Heroism.
  9526 | D:11     | Killed a cyclops
  9572 | D:11     | 9572 ||| READING scroll of acquirement.
  9572 | D:11     | 9572 ||| ACQUIRING 970 gold pieces
  9572 | D:11     | Acquired 970 gold pieces
  9585 | D:11     | Identified the +0 plate armour "Ruti" {Regen+ rCorr Int+2}
 10035 | D:11     | 10035 ||| DROPPING +2 hat.
 10036 | D:11     | 10036 ||| PLANNING LAIR
 10036 | D:11     | 10036 ||| UPGRADING to +0 plate armour "Ruti" {Regen+ rCorr
                  | Int+2}.
 10046 | D:11     | 10046 ||| DROPPING +0 plate armour.
 10143 | Lair:1   | Entered Level 1 of the Lair of Beasts
 10144 | Lair:1   | 10144 ||| INVOKING Heroism.
 10154 | Lair:1   | Received a gift from Okawaru
 10157 | Lair:1   | Reached XP level 12. HP: 54/76 MP: 15/17
 10167 | Lair:1   | Reached skill level 9 in Armour
 10242 | Lair:1   | 10242 ||| Stepping ~*~*~tactically~*~*~ (hiding).
 10333 | Lair:1   | 10333 ||| Stepping ~*~*~tactically~*~*~ (stealth).
 10373 | Lair:1   | 10373 ||| Stepping ~*~*~tactically~*~*~ (stealth).
 10374 | Lair:1   | 10374 ||| INVOKING Heroism.
 10394 | Lair:1   | 10394 ||| Stepping ~*~*~tactically~*~*~ (stealth).
 10414 | Lair:1   | 10414 ||| Stepping ~*~*~tactically~*~*~ (stealth).
 10415 | Lair:1   | 10415 ||| Stepping ~*~*~tactically~*~*~ (stealth).
 10418 | Lair:1   | 10418 ||| INVOKING Heroism.
 10465 | Lair:1   | Identified the +0 pair of gloves of Least Resistance
                  | {Dex+4} (Okawaru gifted it to you on level 1 of the Lair of
                  | Beasts)
 10465 | Lair:1   | Received a gift from Okawaru
 10489 | Lair:1   | 10489 ||| Stepping ~*~*~tactically~*~*~ (stealth).
 10491 | Lair:1   | 10491 ||| Stepping ~*~*~tactically~*~*~ (stealth).
 10502 | Lair:1   | 10502 ||| Stepping ~*~*~tactically~*~*~ (stealth).
 10503 | Lair:1   | 10503 ||| Stepping ~*~*~tactically~*~*~ (stealth).
 10658 | Lair:1   | Reached skill level 9 in Invocations
 10680 | Lair:1   | 10680 ||| INVOKING Heroism.
 10688 | Lair:1   | 10688 ||| Stepping ~*~*~tactically~*~*~ (stealth).
 10830 | Lair:1   | 10830 ||| Stepping ~*~*~tactically~*~*~ (stealth).
 11042 | Lair:1   | 11042 ||| UPGRADING to +0 pair of gloves of Least
                  | Resistance {Dex+4}.
 11047 | Lair:1   | 11047 ||| DROPPING orb of wrath.
 11062 | Lair:2   | 11062 ||| INVOKING Heroism.
 11133 | Lair:2   | 11133 ||| INVOKING Heroism.
 11186 | Lair:2   | 11186 ||| INVOKING Heroism.
 11210 | Lair:2   | 11210 ||| Stepping ~*~*~tactically~*~*~ (stealth).
 11212 | Lair:2   | 11212 ||| Stepping ~*~*~tactically~*~*~ (stealth).
 11285 | Lair:2   | 11285 ||| INVOKING Heroism.
 11348 | Lair:2   | 11348 ||| Stepping ~*~*~tactically~*~*~ (stealth).
 11350 | Lair:2   | 11350 ||| INVOKING Heroism.
 11351 | Lair:2   | 11351 ||| Stepping ~*~*~tactically~*~*~ (stealth).
 11367 | Lair:2   | 11367 ||| Stepping ~*~*~tactically~*~*~ (stealth).
 11369 | Lair:2   | 11369 ||| Stepping ~*~*~tactically~*~*~ (stealth).
 11374 | Lair:2   | 11374 ||| Stepping ~*~*~tactically~*~*~ (stealth).
 11387 | Lair:2   | Reached skill level 3 in Dodging
 11388 | Lair:2   | Noticed a six-headed hydra
 11389 | Lair:2   | 11389 ||| Stepping ~*~*~tactically~*~*~ (stealth).
 11391 | Lair:2   | 11391 ||| INVOKING Finesse.
 11397 | Lair:2   | 11397 ||| SWAPPING to +0 morningstar.
 11405 | Lair:2   | 11405 ||| INVOKING Heroism.
 11406 | Lair:2   | Killed a six-headed hydra
 11407 | Lair:2   | 11407 ||| SWAPPING to +4 broad axe of freezing.
 11454 | Lair:2   | Found a frozen archway.
 11570 | Lair:2   | 11570 ||| INVOKING Heroism.
 11578 | Lair:2   | Reached XP level 13. HP: 82/82 MP: 18/20
 11588 | Lair:2   | Identified the +0 helmet of the Tundras {Str+4} (Okawaru
                  | gifted it to you on level 2 of the Lair of Beasts)
 11588 | Lair:2   | Received a gift from Okawaru
 12048 | Lair:2   | 12048 ||| UPGRADING to +0 helmet of the Tundras {Str+4}.
 12058 | Lair:2   | 12058 ||| DROPPING +0 helmet.
 12059 | Lair:2   | 12059 ||| READING 3 scrolls labelled VEICKI TYCORPH.
 12060 | Lair:2   | 12060 ||| READING 2 scrolls of enchant armour.
 12060 | Lair:2   | 12060 ||| ENCHANTING +0 cloak.
 12061 | Lair:2   | 12061 ||| READING scroll of enchant armour.
 12061 | Lair:2   | 12061 ||| ENCHANTING +1 cloak.
 12062 | Lair:2   | 12062 ||| READING 8 scrolls of identify.
 12062 | Lair:2   | 12062 ||| IDENTIFYING bubbling white potion
 12063 | Lair:2   | 12063 ||| DROPPING potion of berserk rage.
 12079 | Lair:3   | Noticed Rupert
 12080 | Lair:3   | 12080 ||| INVOKING Heroism.
 12081 | Lair:3   | 12081 ||| INVOKING Finesse.
 12082 | Lair:3   | 12082 ||| DRINKING 6 potions of curing.
 12082 | Lair:3   | 12082 ||| (to cure confusion)
 12082 | Lair:3   | Paralysed by Rupert for 2 turns
 12095 | Lair:3   | Paralysed by Rupert for 3 turns
 12114 | Lair:3   | Killed Rupert
 12152 | Lair:3   | 12152 ||| INVOKING Heroism.
 12211 | Lair:3   | Noticed Nergalle
 12212 | Lair:3   | 12212 ||| INVOKING Heroism.
 12226 | Lair:3   | Killed Nergalle
 12277 | Lair:3   | Found a hole to the Spider Nest.
 12289 | Lair:3   | 12289 ||| INVOKING Heroism.
 12467 | Lair:3   | 12467 ||| Stepping ~*~*~tactically~*~*~ (stealth).
 12497 | Lair:3   | 12497 ||| INVOKING Heroism.
 12515 | Lair:3   | Reached skill level 7 in Shields
 12671 | Lair:3   | 12671 ||| INVOKING Heroism.
 12672 | Lair:3   | 12672 ||| INVOKING Finesse.
 12798 | Lair:3   | 12798 ||| INVOKING Heroism.
 12801 | Lair:3   | 12801 ||| INVOKING Finesse.
 12859 | Lair:3   | Found a staircase to the Swamp.
 12862 | Lair:3   | 12862 ||| INVOKING Heroism.
 12863 | Lair:3   | 12863 ||| SWAPPING to +0 morningstar.
 12880 | Lair:3   | 12880 ||| SWAPPING to +4 broad axe of freezing.
 12881 | Lair:3   | HP: 21/84 [ghost crab (12)]
 12882 | Lair:3   | 12882 ||| READING 2 scrolls of teleportation.
 12886 | Lair:3   | 12886 ||| DRINKING 5 potions of heal wounds.
 12888 | Lair:3   | Received a gift from Okawaru
 12962 | Lair:3   | 12962 ||| Stepping ~*~*~tactically~*~*~ (stealth).
 12964 | Lair:3   | 12964 ||| INVOKING Heroism.
 13009 | Lair:3   | 13009 ||| READING scroll of acquirement.
 13009 | Lair:3   | 13009 ||| ACQUIRING +0 kite shield of Dishonour {rN++
                  | Will-}
 13009 | Lair:3   | Acquired the +0 kite shield of Dishonour {rN++ Will-}
 13011 | Lair:3   | 13011 ||| UPGRADING to +0 kite shield of Dishonour {rN++
                  | Will-}.
 13021 | Lair:3   | 13021 ||| DROPPING +0 buckler.
 13540 | Lair:3   | 13540 ||| READING scroll labelled LIOFESS GIUS.
 13621 | Lair:4   | 13621 ||| FLEEEEING.
 13622 | Lair:4   | 13622 ||| FLEEEEING.
 13623 | Lair:4   | 13623 ||| STAIRDANCE
 13627 | Lair:4   | 13627 ||| STAIRDANCE
 13631 | Lair:4   | 13631 ||| STAIRDANCE
 13633 | Lair:3   | 13633 ||| INVOKING Heroism.
 13672 | Lair:4   | Gained mutation: Your large and strong wings let you fly.
                  | [Gargoyle growth]
 13672 | Lair:4   | Reached XP level 14. HP: 90/90 MP: 21/21
 13731 | Lair:4   | 13731 ||| INVOKING Heroism.
 13740 | Lair:4   | Reached skill level 8 in Shields
 13746 | Lair:4   | 13746 ||| INVOKING Finesse.
 13751 | Lair:4   | Reached skill level 9 in Shields
 13848 | Lair:4   | Identified the +0 pair of boots "Kekuntoph" {Fly rElec rN+}
                  | (Okawaru gifted it to you on level 4 of the Lair of Beasts)
 13848 | Lair:4   | Received a gift from Okawaru
 13850 | Lair:4   | 13850 ||| INVOKING Heroism.
 13851 | Lair:4   | 13851 ||| INVOKING Finesse.
 13860 | Lair:4   | Reached skill level 10 in Shields
 14019 | Lair:4   | 14019 ||| Stepping ~*~*~tactically~*~*~ (stealth).
 14025 | Lair:4   | 14025 ||| Stepping ~*~*~tactically~*~*~ (stealth).
 14028 | Lair:4   | 14028 ||| Stepping ~*~*~tactically~*~*~ (stealth).
 14053 | Lair:4   | Reached skill level 11 in Shields
 14093 | Lair:4   | 14093 ||| INVOKING Heroism.
 14594 | Lair:4   | 14594 ||| UPGRADING to +0 pair of boots "Kekuntoph" {Fly
                  | rElec rN+}.
 14639 | Lair:5   | Entered Level 5 of the Lair of Beasts
 14724 | Lair:5   | 14724 ||| Stepping ~*~*~tactically~*~*~ (stealth).
 14962 | Lair:5   | 14962 ||| Stepping ~*~*~tactically~*~*~ (hiding).
 15082 | Lair:5   | Found a runed translucent door.
 15084 | Lair:5   | Found a viscous altar of Jiyva.
 15084 | Lair:5   | Found a staircase to the Slime Pits.
 15170 | Lair:5   | 15170 ||| INVOKING Heroism.
 15174 | Lair:5   | 15174 ||| SWAPPING to +0 morningstar.
 15181 | Lair:5   | 15181 ||| SWAPPING to +4 broad axe of freezing.
 15210 | Lair:5   | 15210 ||| Stepping ~*~*~tactically~*~*~ (stealth).
 15254 | Lair:5   | 15254 ||| Stepping ~*~*~tactically~*~*~ (stealth).
 15255 | Lair:5   | 15255 ||| Stepping ~*~*~tactically~*~*~ (stealth).
 15280 | Lair:5   | 15280 ||| Stepping ~*~*~tactically~*~*~ (stealth).
 15340 | Lair:5   | 15340 ||| Stepping ~*~*~tactically~*~*~ (stealth).
 15364 | Lair:5   | 15364 ||| INVOKING Heroism.
 15367 | Lair:5   | Noticed a dire elephant
 15373 | Lair:5   | 15373 ||| INVOKING Finesse.
 15376 | Lair:5   | Reached skill level 12 in Shields
 15383 | Lair:5   | Reached skill level 15 in Axes
 15386 | Lair:5   | Killed a dire elephant
 15421 | Lair:5   | 15421 ||| Stepping ~*~*~tactically~*~*~ (stealth).
 15427 | Lair:5   | 15427 ||| Stepping ~*~*~tactically~*~*~ (stealth).
 15429 | Lair:5   | 15429 ||| INVOKING Heroism.
 15430 | Lair:5   | 15430 ||| INVOKING Finesse.
 15477 | Lair:5   | Identified the ring of the Tick {Ice rElec rN+ Int-3 Dex+6}
 15508 | Lair:5   | 15508 ||| INVOKING Heroism.
 15885 | Lair:5   | 15885 ||| PLANNING D
 15885 | Lair:5   | 15885 ||| UPGRADING to +2 pair of gloves.
 15895 | Lair:5   | 15895 ||| DROPPING +0 pair of gloves of Least Resistance
                  | {Dex+4}.
 15896 | Lair:5   | 15896 ||| UPGRADING to ring of the Tick {Ice rElec rN+
                  | Int-3 Dex+6}.
 16189 | D:12     | Found a staircase to the Orcish Mines.
 16212 | D:12     | 16212 ||| INVOKING Heroism.
 16285 | D:12     | Noticed Kirke
 16286 | D:12     | 16286 ||| INVOKING Heroism.
 16287 | D:12     | 16287 ||| INVOKING Finesse.
 16300 | D:12     | Killed Kirke
 16377 | D:12     | 16377 ||| Stepping ~*~*~tactically~*~*~ (stealth).
 16383 | D:12     | Reached XP level 15. HP: 96/96 MP: 22/22
 16390 | D:12     | Reached skill level 3 in Throwing
 16393 | D:12     | Reached skill level 12 in Fighting
 16401 | D:12     | 16401 ||| Stepping ~*~*~tactically~*~*~ (hiding).
 16403 | D:12     | 16403 ||| Stepping ~*~*~tactically~*~*~ (hiding).
 16405 | D:12     | 16405 ||| Stepping ~*~*~tactically~*~*~ (hiding).
 16406 | D:12     | 16406 ||| Stepping ~*~*~tactically~*~*~ (hiding).
 16690 | D:12     | 16690 ||| Stepping ~*~*~tactically~*~*~ (hiding).
 16695 | D:12     | 16695 ||| Stepping ~*~*~tactically~*~*~ (hiding).
 16696 | D:12     | 16696 ||| Stepping ~*~*~tactically~*~*~ (hiding).
 16797 | D:12     | 16797 ||| READING scroll labelled TEHUW MOSOU.
 16831 | D:13     | 16831 ||| Stepping ~*~*~tactically~*~*~ (hiding).
 16832 | D:13     | 16832 ||| Stepping ~*~*~tactically~*~*~ (hiding).
 16833 | D:13     | 16833 ||| Stepping ~*~*~tactically~*~*~ (hiding).
 16855 | D:13     | Identified the +1 helmet "Xilyn" {Str+3} (Okawaru gifted it
                  | to you on level 13 of the Dungeon)
 16855 | D:13     | Received a gift from Okawaru
 16896 | D:13     | Noticed Maurice
 16897 | D:13     | 16897 ||| Stepping ~*~*~tactically~*~*~ (hiding).
 16905 | D:13     | Killed Maurice
 17118 | D:13     | 17118 ||| Stepping ~*~*~tactically~*~*~ (hiding).
 17119 | D:13     | 17119 ||| Stepping ~*~*~tactically~*~*~ (hiding).
 17181 | D:13     | 17181 ||| Stepping ~*~*~tactically~*~*~ (hiding).
 17183 | D:13     | 17183 ||| Stepping ~*~*~tactically~*~*~ (hiding).
 17514 | D:13     | 17514 ||| UPGRADING to +1 helmet "Xilyn" {Str+3}.
 17524 | D:13     | 17524 ||| DROPPING +0 helmet of the Tundras {Str+4}.
 17546 | D:13     | 17546 ||| INVOKING Heroism.
 17604 | D:14     | 17604 ||| STAIRDANCE
 17618 | D:14     | 17618 ||| INVOKING Heroism.
 17640 | D:14     | 17640 ||| Stepping ~*~*~tactically~*~*~ (stealth).
 17642 | D:14     | 17642 ||| Stepping ~*~*~tactically~*~*~ (stealth).
 17644 | D:14     | 17644 ||| Stepping ~*~*~tactically~*~*~ (stealth).
 17646 | D:14     | 17646 ||| Stepping ~*~*~tactically~*~*~ (stealth).
 17685 | D:14     | 17685 ||| Stepping ~*~*~tactically~*~*~ (stealth).
 17704 | D:14     | Found a gate to the Vaults.
 17717 | D:14     | 17717 ||| INVOKING Heroism.
 17731 | D:14     | HP: 8/96 [boulder beetle (21)]
 17732 | D:14     | 17732 ||| READING 3 scrolls of teleportation.
 17733 | D:14     | 17733 ||| DRINKING 6 potions of heal wounds.
 17735 | D:14     | Reached skill level 12 in Armour
 17771 | D:14     | Received a gift from Okawaru
 17790 | D:14     | Received a gift from Okawaru
 18012 | D:14     | 18012 ||| Stepping ~*~*~tactically~*~*~ (stealth).
 18048 | D:14     | Reached skill level 13 in Shields
 18053 | D:14     | 18053 ||| Stepping ~*~*~tactically~*~*~ (stealth).
 18306 | D:14     | 18306 ||| Stepping ~*~*~tactically~*~*~ (stealth).
 18321 | D:14     | 18321 ||| INVOKING Heroism.
 18684 | D:15     | Entered Level 15 of the Dungeon
 18685 | D:15     | 18685 ||| INVOKING Heroism.
 18686 | D:15     | 18686 ||| SWAPPING to +0 morningstar.
 18687 | D:15     | 18687 ||| INVOKING Finesse.
 18695 | D:15     | 18695 ||| SWAPPING to +4 broad axe of freezing.
 18757 | D:15     | 18757 ||| INVOKING Heroism.
 18758 | D:15     | 18758 ||| INVOKING Finesse.
 18772 | D:15     | Paralysed by an orc sorcerer for 3 turns
 18784 | D:15     | 18784 ||| FLEEEEING.
 18785 | D:15     | 18785 ||| Stepping ~*~*~tactically~*~*~ (hiding).
 18786 | D:15     | 18786 ||| FLEEEEING.
 18787 | D:15     | 18787 ||| FLEEEEING.
 18788 | D:15     | 18788 ||| FLEEEEING.
 18856 | D:15     | Found a staircase to the Depths.
 18867 | D:15     | 18867 ||| INVOKING Heroism.
 18983 | D:15     | Reached XP level 16. HP: 101/101 MP: 23/23
 19025 | D:15     | Received a gift from Okawaru
 19243 | D:15     | Received a gift from Okawaru
 19261 | D:15     | 19261 ||| INVOKING Heroism.
 19267 | D:15     | Identified the +1 hat "Uhun Pat" {Will- MP+9 Str+9 Slay-5}
                  | (Okawaru gifted it to you on level 15 of the Dungeon)
 19267 | D:15     | Received a gift from Okawaru
 19309 | D:15     | 19309 ||| READING scroll of enchant weapon.
 19309 | D:15     | 19309 ||| ENCHANTING +4 broad axe of freezing.
 19327 | D:15     | 19327 ||| INVOKING Heroism.
 19356 | D:15     | 19356 ||| INVOKING Heroism.
 19490 | D:15     | 19490 ||| INVOKING Heroism.
 19577 | D:15     | 19577 ||| PLANNING ORC
 19577 | D:15     | 19577 ||| DROPPING +1 hat "Uhun Pat" {Will- MP+9 Str+9
                  | Slay-5}.
 19578 | D:15     | 19578 ||| UPGRADING to +2 kite shield.
 19588 | D:15     | 19588 ||| DROPPING +0 kite shield of Dishonour {rN++
                  | Will-}.
 19589 | D:15     | 19589 ||| UPGRADING to ring of see invisible.
 19591 | D:15     | 19591 ||| UPGRADING to ring of willpower.
 19669 | Orc:1    | Entered Level 1 of the Orcish Mines
 19672 | Orc:1    | 19672 ||| Stepping ~*~*~tactically~*~*~ (stealth).
 19673 | Orc:1    | 19673 ||| Stepping ~*~*~tactically~*~*~ (stealth).
 19683 | Orc:1    | 19683 ||| Stepping ~*~*~tactically~*~*~ (hiding).
 19684 | Orc:1    | 19684 ||| Stepping ~*~*~tactically~*~*~ (hiding).
 19685 | Orc:1    | 19685 ||| Stepping ~*~*~tactically~*~*~ (stealth).
 19695 | Orc:1    | Found Xocownun's Jewellery Shop.
 19695 | Orc:1    | Noticed Fannar
 19703 | Orc:1    | 19703 ||| INVOKING Heroism.
 19715 | Orc:1    | Killed Fannar
 19773 | Orc:1    | 19773 ||| BUYING ring "Numiodeh" {Ice Will+ Stlth+} (606
                  | gold).
 19773 | Orc:1    | Bought the ring "Numiodeh" {Ice Will+ Stlth+} for 606 gold
                  | pieces
 19773 | Orc:1    | 19773 ||| BUYING ring "Qourchuy" {Drain Str+6 Int+3 Dex+6}
                  | (844 gold).
 19773 | Orc:1    | Bought the ring "Qourchuy" {Drain Str+6 Int+3 Dex+6} for
                  | 844 gold pieces
 19773 | Orc:1    | 19773 ||| BUYING ring of positive energy (300 gold).
 19773 | Orc:1    | Bought a ring of positive energy for 300 gold pieces
 19773 | Orc:1    | 19773 ||| BUYING ring of resist corrosion (300 gold).
 19773 | Orc:1    | Bought a ring of resist corrosion for 300 gold pieces
 19773 | Orc:1    | 19773 ||| SHOPLISTING ring of resist corrosion (300 gold,
                  | have 184).
 19901 | Orc:1    | 19901 ||| DROPPING ring of ice.
 19902 | Orc:1    | 19902 ||| UPGRADING to ring "Qourchuy" {Drain Str+6 Int+3
                  | Dex+6}.
 19904 | Orc:1    | 19904 ||| UPGRADING to ring of see invisible.
 19933 | Orc:2    | Entered Level 2 of the Orcish Mines
 19933 | Orc:2    | Found a staircase to the Elven Halls.
 19934 | Orc:2    | 19934 ||| INVOKING Heroism.
 19935 | Orc:2    | 19935 ||| INVOKING Finesse.
 19996 | Orc:2    | 19996 ||| Stepping ~*~*~tactically~*~*~ (hiding).
 20000 | Orc:2    | 20000 ||| Stepping ~*~*~tactically~*~*~ (hiding).
 20044 | Orc:2    | 20044 ||| Stepping ~*~*~tactically~*~*~ (hiding).
 20048 | Orc:2    | 20048 ||| INVOKING Heroism.
 20238 | Orc:1    | 20238 ||| INVOKING Heroism.
 20371 | Orc:2    | 20371 ||| Stepping ~*~*~tactically~*~*~ (stealth).
 20373 | Orc:2    | 20373 ||| Stepping ~*~*~tactically~*~*~ (hiding).
 20544 | Orc:2    | 20544 ||| INVOKING Heroism.
 20558 | Orc:2    | Reached skill level 6 in Throwing
 20581 | Orc:2    | Received a gift from Okawaru
 20587 | Orc:2    | Found Etirathri's Magic Scroll Boutique.
 20587 | Orc:2    | Found Ridavane's Armour Shoppe.
 20587 | Orc:2    | Paralysed by an ogre mage for 5 turns
 20592 | Orc:2    | 20592 ||| INVOKING Heroism.
 20610 | Orc:2    | Found Zasmaj's Weapon Emporium.
 20610 | Orc:2    | Found Inoigg's Distillery.
 20618 | Orc:2    | 20618 ||| BUYING 3 scrolls of enchant weapon (382 gold).
 20618 | Orc:2    | Bought 3 scrolls of enchant weapon for 382 gold pieces
 20618 | Orc:2    | 20618 ||| SHOPLISTING scroll of acquirement (884 gold, have
                  | 144).
 20618 | Orc:2    | 20618 ||| READING 3 scrolls of enchant weapon.
 20618 | Orc:2    | 20618 ||| ENCHANTING +5 broad axe of freezing.
 20619 | Orc:2    | 20619 ||| READING 2 scrolls of enchant weapon.
 20619 | Orc:2    | 20619 ||| ENCHANTING +6 broad axe of freezing.
 20620 | Orc:2    | 20620 ||| READING scroll of enchant weapon.
 20620 | Orc:2    | 20620 ||| ENCHANTING +7 broad axe of freezing.
 20622 | Orc:2    | 20622 ||| SHOPLISTING +10 war axe of Ranuzaeg {holy, Contam
                  | rPois Str+2} (925 gold, have 144).
 20623 | Orc:2    | 20623 ||| BUYING potion of cancellation (88 gold).
 20623 | Orc:2    | Bought a potion of cancellation for 88 gold pieces
 20623 | Orc:2    | 20623 ||| SHOPLISTING potion of cancellation (88 gold, have
                  | 56).
 20623 | Orc:2    | 20623 ||| BUYING potion of enlightenment (55 gold).
 20623 | Orc:2    | Bought a potion of enlightenment for 55 gold pieces
 20623 | Orc:2    | 20623 ||| SHOPLISTING potion of magic (88 gold, have 1).
 20623 | Orc:2    | 20623 ||| SHOPLISTING potion of might (44 gold, have 1).
 20623 | Orc:2    | 20623 ||| SHOPLISTING potion of mutation (88 gold, have 1).
 20956 | Orc:2    | 20956 ||| PLANNING SPIDER:1-3
 21160 | Spider:1 | Entered Level 1 of the Spider Nest
 21217 | Spider:1 | 21217 ||| Stepping ~*~*~tactically~*~*~ (stealth).
 21219 | Spider:1 | 21219 ||| Stepping ~*~*~tactically~*~*~ (stealth).
 21241 | Spider:1 | 21241 ||| Stepping ~*~*~tactically~*~*~ (hiding).
 21247 | Spider:1 | 21247 ||| FLEEEEING.
 21248 | Spider:1 | 21248 ||| Stepping ~*~*~tactically~*~*~ (stealth).
 21348 | Spider:1 | 21348 ||| FLEEEEING.
 21349 | Spider:1 | 21349 ||| FLEEEEING.
 21378 | Spider:1 | 21378 ||| FLEEEEING.
 21379 | Spider:1 | 21379 ||| FLEEEEING.
 21380 | Spider:1 | 21380 ||| FLEEEEING.
 21381 | Spider:1 | 21381 ||| FLEEEEING.
 21382 | Spider:1 | 21382 ||| FLEEEEING.
 21383 | Spider:1 | 21383 ||| FLEEEEING.
 21384 | Spider:1 | 21384 ||| FLEEEEING.
 21385 | Spider:1 | 21385 ||| FLEEEEING.
 21386 | Spider:1 | 21386 ||| FLEEEEING.
 21387 | Spider:1 | 21387 ||| FLEEEEING.
 21388 | Spider:1 | 21388 ||| FLEEEEING.
 21389 | Spider:1 | 21389 ||| STAIRDANCE
 21391 | Lair:3   | 21391 ||| DROPPING amulet of magic regeneration.
 21394 | Spider:1 | 21394 ||| STAIRDANCE
 21508 | Spider:1 | 21508 ||| Stepping ~*~*~tactically~*~*~ (stealth).
 21538 | Spider:1 | You are sucked into a shaft and drop 1 floor!
 21538 | Spider:2 | Noticed Aizul
 21539 | Spider:2 | 21539 ||| INVOKING Heroism.
 21540 | Spider:2 | 21540 ||| INVOKING Finesse.
 21550 | Spider:2 | Killed Aizul
 21553 | Spider:2 | Reached XP level 17. HP: 77/108 MP: 17/24
 21584 | Spider:2 | Noticed Arachne
 21594 | Spider:2 | Reached skill level 18 in Axes
 21595 | Spider:2 | HP: 26/108 [Arachne/staff of poison (10)]
 21596 | Spider:2 | 21596 ||| READING 3 scrolls of teleportation.
 21597 | Spider:2 | 21597 ||| DRINKING 7 potions of heal wounds.
 21604 | Spider:2 | Killed Arachne
 21605 | Spider:2 | 21605 ||| INVOKING Heroism.
 21606 | Spider:2 | 21606 ||| Stepping ~*~*~tactically~*~*~ (hiding).
 21610 | Spider:2 | 21610 ||| INVOKING Finesse.
 21693 | Spider:2 | 21693 ||| Stepping ~*~*~tactically~*~*~ (stealth).
 21819 | Spider:2 | 21819 ||| Stepping ~*~*~tactically~*~*~ (stealth).
 21906 | Spider:1 | 21906 ||| Stepping ~*~*~tactically~*~*~ (hiding).
 21907 | Spider:1 | 21907 ||| Stepping ~*~*~tactically~*~*~ (stealth).
 21908 | Spider:1 | 21908 ||| Stepping ~*~*~tactically~*~*~ (stealth).
 21913 | Spider:1 | 21913 ||| INVOKING Finesse.
 21918 | Spider:1 | Received a gift from Okawaru
 21924 | Spider:1 | 21924 ||| INVOKING Heroism.
 21942 | Spider:1 | 21942 ||| Stepping ~*~*~tactically~*~*~ (stealth).
 21943 | Spider:1 | 21943 ||| Stepping ~*~*~tactically~*~*~ (stealth).
 21944 | Spider:1 | 21944 ||| Stepping ~*~*~tactically~*~*~ (stealth).
 21945 | Spider:1 | 21945 ||| Stepping ~*~*~tactically~*~*~ (stealth).
 22001 | Spider:1 | Received a gift from Okawaru
 22072 | Spider:1 | 22072 ||| INVOKING Heroism.
 22205 | Spider:1 | 22205 ||| DROPPING ring of positive energy.
 22206 | Spider:1 | 22206 ||| DROPPING ring of willpower.
 22290 | Spider:2 | Noticed Jorgrun
 22291 | Spider:2 | 22291 ||| Stepping ~*~*~tactically~*~*~ (hiding).
 22306 | Spider:2 | Killed Jorgrun
 22538 | Spider:2 | 22538 ||| DROPPING +6 ring of dexterity.
 22579 | Spider:3 | 22579 ||| Stepping ~*~*~tactically~*~*~ (stealth).
 22588 | Spider:3 | 22588 ||| Stepping ~*~*~tactically~*~*~ (hiding).
 22591 | Spider:3 | 22591 ||| Stepping ~*~*~tactically~*~*~ (hiding).
 22601 | Spider:3 | 22601 ||| Stepping ~*~*~tactically~*~*~ (hiding).
 22603 | Spider:3 | 22603 ||| Stepping ~*~*~tactically~*~*~ (hiding).
 22606 | Spider:3 | 22606 ||| INVOKING Heroism.
 22625 | Spider:3 | 22625 ||| Stepping ~*~*~tactically~*~*~ (stealth).
 22626 | Spider:3 | 22626 ||| Stepping ~*~*~tactically~*~*~ (stealth).
 22629 | Spider:3 | 22629 ||| Stepping ~*~*~tactically~*~*~ (hiding).
 22729 | Spider:3 | 22729 ||| Stepping ~*~*~tactically~*~*~ (stealth).
 22730 | Spider:3 | 22730 ||| Stepping ~*~*~tactically~*~*~ (stealth).
 22733 | Spider:3 | 22733 ||| Stepping ~*~*~tactically~*~*~ (stealth).
 22767 | Spider:3 | 22767 ||| Stepping ~*~*~tactically~*~*~ (stealth).
 22770 | Spider:3 | 22770 ||| Stepping ~*~*~tactically~*~*~ (hiding).
 22775 | Spider:3 | 22775 ||| INVOKING Finesse.
 22814 | Spider:3 | 22814 ||| Stepping ~*~*~tactically~*~*~ (stealth).
 22824 | Spider:3 | 22824 ||| Stepping ~*~*~tactically~*~*~ (stealth).
 22826 | Spider:3 | 22826 ||| Stepping ~*~*~tactically~*~*~ (stealth).
 22829 | Spider:3 | 22829 ||| INVOKING Heroism.
 22831 | Spider:3 | Reached skill level 14 in Shields
 22831 | Spider:3 | 22831 ||| Stepping ~*~*~tactically~*~*~ (stealth).
 23041 | Spider:3 | 23041 ||| INVOKING Finesse.
 23072 | Spider:3 | 23072 ||| INVOKING Heroism.
 23281 | Spider:3 | 23281 ||| PLANNING SWAMP:1-3
 23446 | Swamp:1  | Entered Level 1 of the Swamp
 23449 | Swamp:1  | 23449 ||| INVOKING Heroism.
 23451 | Swamp:1  | 23451 ||| SWAPPING to +0 morningstar.
 23470 | Swamp:1  | 23470 ||| SWAPPING to +8 broad axe of freezing.
 23472 | Swamp:1  | HP: 26/111 [constriction (11)]
 23473 | Swamp:1  | 23473 ||| READING 4 scrolls of teleportation.
 23474 | Swamp:1  | 23474 ||| DRINKING 6 potions of heal wounds.
 23475 | Swamp:1  | 23475 ||| SWAPPING to +0 morningstar.
 23477 | Swamp:1  | HP: 25/111 [seven-headed hydra (9)]
 23478 | Swamp:1  | 23478 ||| READING 3 scrolls of teleportation.
 23479 | Swamp:1  | 23479 ||| DRINKING 5 potions of heal wounds.
 23480 | Swamp:1  | 23480 ||| INVOKING Heroism.
 23481 | Swamp:1  | 23481 ||| DRINKING 4 potions of heal wounds.
 23482 | Swamp:1  | 23482 ||| SWAPPING to +8 broad axe of freezing.
 23484 | Swamp:1  | 23484 ||| SWAPPING to +0 morningstar.
 23492 | Swamp:1  | 23492 ||| SWAPPING to +8 broad axe of freezing.
 23494 | Swamp:1  | HP: 26/111 [tyrant leech (16)]
 23495 | Swamp:1  | 23495 ||| READING 2 scrolls of teleportation.
 23496 | Swamp:1  | 23496 ||| DRINKING 3 potions of heal wounds.
 23499 | Swamp:1  | 23499 ||| Stepping ~*~*~tactically~*~*~ (hiding).
 23500 | Swamp:1  | 23500 ||| Stepping ~*~*~tactically~*~*~ (stealth).
 23501 | Swamp:1  | 23501 ||| Stepping ~*~*~tactically~*~*~ (hiding).
 23502 | Swamp:1  | 23502 ||| Stepping ~*~*~tactically~*~*~ (stealth).
 23533 | Swamp:1  | 23533 ||| INVOKING Heroism.
 23605 | Swamp:1  | 23605 ||| Stepping ~*~*~tactically~*~*~ (hiding).
 23626 | Swamp:1  | 23626 ||| Stepping ~*~*~tactically~*~*~ (stealth).
 23628 | Swamp:1  | 23628 ||| Stepping ~*~*~tactically~*~*~ (stealth).
 23634 | Swamp:1  | 23634 ||| Stepping ~*~*~tactically~*~*~ (hiding).
 23642 | Swamp:1  | Received a gift from Okawaru
 23643 | Swamp:1  | Reached skill level 6 in Dodging
 23664 | Swamp:1  | 23664 ||| READING scroll of enchant weapon.
 23664 | Swamp:1  | 23664 ||| ENCHANTING +8 broad axe of freezing.
 23938 | Swamp:1  | 23938 ||| DROPPING +0 pair of gloves of infusion.
 23939 | Swamp:1  | 23939 ||| UPGRADING to +2 tower shield.
 23949 | Swamp:1  | 23949 ||| DROPPING +2 kite shield.
 23981 | Swamp:2  | 23981 ||| INVOKING Heroism.
 23986 | Swamp:2  | 23986 ||| SWAPPING to +0 morningstar.
 23987 | Swamp:2  | 23987 ||| STAIRDANCE
 23992 | Swamp:1  | 23992 ||| SWAPPING to +9 broad axe of freezing.
 24055 | Swamp:2  | 24055 ||| STAIRDANCE
 24220 | Swamp:2  | 24220 ||| INVOKING Heroism.
 24308 | Swamp:2  | 24308 ||| INVOKING Heroism.
 24774 | Swamp:3  | 24774 ||| Stepping ~*~*~tactically~*~*~ (cloud).
 24841 | Swamp:3  | 24841 ||| Stepping ~*~*~tactically~*~*~ (stealth).
 24843 | Swamp:3  | 24843 ||| INVOKING Heroism.
 24857 | Swamp:3  | Reached skill level 15 in Shields
 24883 | Swamp:3  | 24883 ||| INVOKING Heroism.
 24949 | Swamp:3  | 24949 ||| Stepping ~*~*~tactically~*~*~ (stealth).
 24959 | Swamp:3  | Reached XP level 18. HP: 116/116 MP: 25/25
 24959 | Swamp:3  | 24959 ||| DROPPING +0 morningstar.
 25024 | Swamp:3  | 25024 ||| Stepping ~*~*~tactically~*~*~ (hiding).
 25269 | Swamp:3  | 25269 ||| FLEEEEING.
 25270 | Swamp:3  | 25270 ||| FLEEEEING.
 25271 | Swamp:3  | 25271 ||| FLEEEEING.
 25272 | Swamp:3  | 25272 ||| FLEEEEING.
 25275 | Swamp:3  | 25275 ||| INVOKING Heroism.
 25607 | Swamp:3  | 25607 ||| PLANNING SPIDER:4
 25607 | Swamp:3  | 25607 ||| DROPPING +1 cloak.
 25829 | Spider:4 | Entered Level 4 of the Spider Nest
 25830 | Spider:4 | 25830 ||| INVOKING Heroism.
 25850 | Spider:4 | Reached skill level 16 in Shields
 25911 | Spider:4 | 25911 ||| FLEEEEING.
 25913 | Spider:4 | 25913 ||| FLEEEEING.
 25914 | Spider:4 | 25914 ||| FLEEEEING.
 25915 | Spider:4 | 25915 ||| FLEEEEING.
 25916 | Spider:4 | 25916 ||| FLEEEEING.
 25917 | Spider:4 | 25917 ||| FLEEEEING.
 25918 | Spider:4 | 25918 ||| FLEEEEING.
 25919 | Spider:4 | 25919 ||| FLEEEEING.
 25920 | Spider:4 | 25920 ||| STAIRDANCE
 25974 | Spider:4 | 25974 ||| STAIRDANCE
 26009 | Spider:4 | 26009 ||| Stepping ~*~*~tactically~*~*~ (hiding).
 26119 | Spider:4 | 26119 ||| INVOKING Heroism.
 26153 | Spider:4 | 26153 ||| Stepping ~*~*~tactically~*~*~ (hiding).
 26341 | Spider:4 | 26341 ||| Stepping ~*~*~tactically~*~*~ (hiding).
 26344 | Spider:4 | 26344 ||| Stepping ~*~*~tactically~*~*~ (hiding).
 26355 | Spider:4 | 26355 ||| DRINKING 6 potions of curing.
 26355 | Spider:4 | 26355 ||| (to cure confusion)
 26379 | Spider:4 | Noticed Mlioglotl
 26380 | Spider:4 | 26380 ||| INVOKING Heroism.
 26383 | Spider:4 | 26383 ||| Stepping ~*~*~tactically~*~*~ (hiding).
 26386 | Spider:4 | 26386 ||| Stepping ~*~*~tactically~*~*~ (hiding).
 26389 | Spider:4 | 26389 ||| Stepping ~*~*~tactically~*~*~ (hiding).
 26397 | Spider:4 | Killed Mlioglotl
 26529 | Spider:4 | 26529 ||| Stepping ~*~*~tactically~*~*~ (stealth).
 26531 | Spider:4 | 26531 ||| Stepping ~*~*~tactically~*~*~ (hiding).
 26579 | Spider:4 | Noticed Louise
 26579 | Spider:4 | Found the +7 Spriggan's Knife {stab, EV+4 Stlth+}
 26580 | Spider:4 | 26580 ||| Stepping ~*~*~tactically~*~*~ (hiding).
 26597 | Abyss:2  | Cast into level 2 of the Abyss (Louise)
 26618 | Abyss:2  | 26618 ||| Stepping ~*~*~tactically~*~*~ (stealth).
 26637 | Abyss:2  | 26637 ||| Stepping ~*~*~tactically~*~*~ (stealth).
 26696 | Abyss:2  | 26696 ||| Stepping ~*~*~tactically~*~*~ (stealth).
 26754 | Abyss:2  | 26754 ||| Stepping ~*~*~tactically~*~*~ (hiding).
 26763 | Abyss:2  | 26763 ||| Stepping ~*~*~tactically~*~*~ (stealth).
 26768 | Abyss:2  | Found a shimmering blue altar of Sif Muna.
 26797 | Abyss:2  | 26797 ||| Stepping ~*~*~tactically~*~*~ (stealth).
 26802 | Abyss:2  | 26802 ||| Stepping ~*~*~tactically~*~*~ (stealth).
 26804 | Abyss:2  | 26804 ||| Stepping ~*~*~tactically~*~*~ (hiding).
 26811 | Abyss:2  | Received a gift from Okawaru
 26818 | Abyss:2  | Reached skill level 17 in Shields
 26821 | Abyss:2  | Found a corrupted altar of Lugonu.
 26898 | Abyss:2  | 26898 ||| Stepping ~*~*~tactically~*~*~ (stealth).
 26933 | Abyss:2  | 26933 ||| Stepping ~*~*~tactically~*~*~ (stealth).
 26937 | Abyss:2  | 26937 ||| Stepping ~*~*~tactically~*~*~ (stealth).
 26953 | Abyss:2  | Received a gift from Okawaru
 26985 | Abyss:2  | 26985 ||| Stepping ~*~*~tactically~*~*~ (hiding).
 26986 | Abyss:2  | 26986 ||| Stepping ~*~*~tactically~*~*~ (hiding).
 27010 | Abyss:2  | 27010 ||| Stepping ~*~*~tactically~*~*~ (stealth).
 27011 | Abyss:2  | 27011 ||| Stepping ~*~*~tactically~*~*~ (stealth).
 27015 | Abyss:2  | 27015 ||| Stepping ~*~*~tactically~*~*~ (hiding).
 27016 | Abyss:2  | 27016 ||| Stepping ~*~*~tactically~*~*~ (hiding).
 27018 | Abyss:2  | 27018 ||| Stepping ~*~*~tactically~*~*~ (hiding).
 27026 | Abyss:2  | Received a gift from Okawaru
 27029 | Spider:4 | Escaped the Abyss
 27054 | Spider:4 | Killed Louise
 27071 | Spider:4 | Noticed Bai Suzhen
 27072 | Spider:4 | 27072 ||| FLEEEEING.
 27074 | Spider:4 | 27074 ||| FLEEEEING.
 27075 | Spider:4 | 27075 ||| FLEEEEING.
 27076 | Spider:4 | 27076 ||| FLEEEEING.
 27077 | Spider:4 | 27077 ||| FLEEEEING.
 27078 | Spider:4 | 27078 ||| FLEEEEING.
 27079 | Spider:4 | 27079 ||| FLEEEEING.
 27080 | Spider:4 | 27080 ||| FLEEEEING.
 27081 | Spider:4 | 27081 ||| FLEEEEING.
 27082 | Spider:4 | 27082 ||| FLEEEEING.
 27083 | Spider:4 | 27083 ||| FLEEEEING.
 27086 | Spider:4 | 27086 ||| FLEEEEING.
 27087 | Spider:4 | 27087 ||| FLEEEEING.
 27088 | Spider:4 | 27088 ||| STAIRDANCE
 27174 | Spider:4 | 27174 ||| INVOKING Heroism.
 27194 | Spider:4 | Killed Bai Suzhen
 27195 | Spider:4 | Reached skill level 18 in Shields
 27307 | Spider:4 | 27307 ||| INVOKING Finesse.
 27309 | Spider:4 | 27309 ||| INVOKING Heroism.
 27312 | Spider:4 | Received a gift from Okawaru
 27351 | Spider:4 | 27351 ||| Stepping ~*~*~tactically~*~*~ (stealth).
 27352 | Spider:4 | 27352 ||| Stepping ~*~*~tactically~*~*~ (stealth).
 27438 | Spider:4 | 27438 ||| Stepping ~*~*~tactically~*~*~ (stealth).
 27439 | Spider:4 | 27439 ||| Stepping ~*~*~tactically~*~*~ (stealth).
 27442 | Spider:4 | 27442 ||| Stepping ~*~*~tactically~*~*~ (stealth).
 27464 | Spider:4 | 27464 ||| Stepping ~*~*~tactically~*~*~ (stealth).
 27477 | Spider:4 | 27477 ||| INVOKING Finesse.
 27505 | Spider:4 | Received a gift from Okawaru
 27553 | Spider:4 | 27553 ||| Stepping ~*~*~tactically~*~*~ (hiding).
 27597 | Spider:4 | 27597 ||| Stepping ~*~*~tactically~*~*~ (stealth).
 28039 | Spider:4 | 28039 ||| Stepping ~*~*~tactically~*~*~ (stealth).
 28225 | Spider:4 | 28225 ||| INVOKING Heroism.
 28246 | Spider:4 | Received a gift from Okawaru
 28251 | Spider:4 | Reached skill level 15 in Fighting
 28255 | Spider:4 | Reached XP level 19. HP: 89/124 MP: 2/26
 28403 | Spider:4 | 28403 ||| INVOKING Heroism.
 28417 | Spider:4 | Got a gossamer rune of Zot
 28445 | Spider:4 | 28445 ||| PLANNING VAULTS:1-4
 28745 | Vaults:1 | Entered Level 1 of the Vaults
 28751 | Vaults:1 | 28751 ||| Stepping ~*~*~tactically~*~*~ (hiding).
 28892 | Vaults:1 | 28892 ||| INVOKING Heroism.
 28893 | Vaults:1 | 28893 ||| INVOKING Finesse.
 28948 | Vaults:1 | 28948 ||| Stepping ~*~*~tactically~*~*~ (hiding).
 28988 | Vaults:1 | 28988 ||| Stepping ~*~*~tactically~*~*~ (hiding).
 28989 | Vaults:1 | 28989 ||| Stepping ~*~*~tactically~*~*~ (hiding).
 28990 | Vaults:1 | 28990 ||| Stepping ~*~*~tactically~*~*~ (hiding).
 29097 | Vaults:1 | 29097 ||| DRINKING potion of experience.
 29097 | Vaults:1 | Reached skill level 19 in Shields
 29097 | Vaults:1 | Reached XP level 20. HP: 129/129 MP: 27/27
 29128 | Vaults:1 | Noticed Asterion
 29129 | Vaults:1 | 29129 ||| INVOKING Heroism.
 29133 | Vaults:1 | Killed Asterion
 29143 | Vaults:1 | 29143 ||| SWAPPING to +0 spectral broad axe.
 29149 | Vaults:1 | 29149 ||| Stepping ~*~*~tactically~*~*~ (hiding).
 29150 | Vaults:1 | 29150 ||| Stepping ~*~*~tactically~*~*~ (hiding).
 29155 | Vaults:1 | Received a gift from Okawaru
 29156 | Vaults:1 | 29156 ||| Stepping ~*~*~tactically~*~*~ (hiding).
 29170 | Vaults:1 | 29170 ||| Stepping ~*~*~tactically~*~*~ (hiding).
 29427 | Vaults:1 | 29427 ||| INVOKING Heroism.
 29431 | Vaults:1 | Reached skill level 15 in Armour
 29502 | Vaults:1 | 29502 ||| Stepping ~*~*~tactically~*~*~ (stealth).
 29504 | Vaults:1 | 29504 ||| Stepping ~*~*~tactically~*~*~ (hiding).
 29514 | Vaults:1 | Received a gift from Okawaru
 29582 | Vaults:1 | 29582 ||| Stepping ~*~*~tactically~*~*~ (hiding).
 29609 | Vaults:1 | Noticed Saint Roka
 29614 | Vaults:1 | 29614 ||| INVOKING Heroism.
 29617 | Vaults:1 | Reached skill level 9 in Throwing
 29620 | Vaults:1 | Killed Saint Roka
 29831 | Vaults:1 | 29831 ||| Stepping ~*~*~tactically~*~*~ (hiding).
 29833 | Vaults:1 | 29833 ||| Stepping ~*~*~tactically~*~*~ (hiding).
 30211 | Vaults:1 | 30211 ||| Stepping ~*~*~tactically~*~*~ (stealth).
 30229 | Vaults:1 | 30229 ||| INVOKING Heroism.
 30233 | Vaults:1 | Received a gift from Okawaru
 30320 | Vaults:1 | 30320 ||| INVOKING Heroism.
 30321 | Vaults:1 | 30321 ||| INVOKING Finesse.
 30527 | Vaults:1 | 30527 ||| INVOKING Heroism.
 30589 | Vaults:1 | 30589 ||| FLEEEEING.
 30590 | Vaults:1 | 30590 ||| FLEEEEING.
 30591 | Vaults:1 | 30591 ||| FLEEEEING.
 30592 | Vaults:1 | 30592 ||| FLEEEEING.
 30593 | Vaults:1 | 30593 ||| FLEEEEING.
 30594 | Vaults:1 | 30594 ||| FLEEEEING.
 30832 | Vaults:1 | 30832 ||| DROPPING +0 fire dragon scales.
 30833 | Vaults:1 | 30833 ||| UPGRADING to scarf of resistance.
 30882 | Vaults:2 | 30882 ||| Stepping ~*~*~tactically~*~*~ (stealth).
 31108 | Vaults:2 | 31108 ||| FLEEEEING.
 31109 | Vaults:2 | 31109 ||| FLEEEEING.
 31110 | Vaults:2 | 31110 ||| FLEEEEING.
 31111 | Vaults:2 | 31111 ||| FLEEEEING.
 31112 | Vaults:2 | 31112 ||| FLEEEEING.
 31113 | Vaults:2 | 31113 ||| FLEEEEING.
 31114 | Vaults:2 | 31114 ||| FLEEEEING.
 31115 | Vaults:2 | 31115 ||| FLEEEEING.
 31116 | Vaults:2 | 31116 ||| FLEEEEING.
 31117 | Vaults:2 | 31117 ||| FLEEEEING.
 31118 | Vaults:2 | 31118 ||| FLEEEEING.
 31124 | Vaults:2 | Received a gift from Okawaru
 31157 | Vaults:2 | 31157 ||| Stepping ~*~*~tactically~*~*~ (hiding).
 31296 | Vaults:2 | 31296 ||| Stepping ~*~*~tactically~*~*~ (stealth).
 31308 | Vaults:2 | 31308 ||| INVOKING Heroism.
 31471 | Vaults:2 | Noticed Sojobo
 31472 | Vaults:2 | 31472 ||| INVOKING Heroism.
 31473 | Vaults:2 | 31473 ||| INVOKING Finesse.
 31484 | Vaults:2 | HP: 17/134 [stone wall collision (18)]
 31485 | Vaults:2 | 31485 ||| READING 3 scrolls of teleportation.
 31486 | Vaults:2 | 31486 ||| DRINKING 5 potions of heal wounds.
 31541 | Vaults:2 | 31541 ||| Stepping ~*~*~tactically~*~*~ (stealth).
 31554 | Vaults:2 | 31554 ||| INVOKING Heroism.
 31557 | Vaults:2 | Reached XP level 21. HP: 42/139 MP: 25/28
 31557 | Vaults:2 | HP: 33/139 [fire giant/+0 great sword of flaming (2)]
 31558 | Vaults:2 | 31558 ||| READING 2 scrolls of teleportation.
 31558 | Vaults:2 | HP: 11/139 [ironbound frostheart/creeping frost (14)]
 31559 | Vaults:2 | 31559 ||| READING scroll of teleportation.
 31559 | Vaults:2 | HP: 3/139 [fire giant/bolt of fire (9)]
 31559 | Vaults:2 | Killed from afar by an ironbound frostheart

Levels and vault maps discovered:
D:1:      scummos_arrival_star, layout_loops_ring,
          hellmonk_ecumenical_altar_leap_of_faith, serial_shops,
          nicolae_shop_gaudy_bauble, minmay_crystal_water
D:2:      layout_basic
D:3:      layout_rooms, overflow_temple_1_default, serial_shops,
          nicolae_lakefront_shop, uniq_jessica
D:4:      layout_basic, mainiacjoe_overflow_cross_hatched, grunt_decor_clamped,
          nicolae_shop_self_help, uniq_robin
D:5:      layout_basic, grunt_dithmenos_shadows, mainiacjoe_overflow_alcove_1,
          minmay_temple_entry_arrows, uniq_pikel, uniq_sigmund
D:6:      minmay_diamond_boxcup, layout_basic,
          worldfamousw_hep_ancestral_shrine, uniq_crazy_yiuf_cottage,
          uniq_edmund, uniq_blork_the_orc
D:7:      layout_loops_ring, chequers_serial_rivers_micro_b
D:8:      layout_layer_cave, nicolae_overflow_squiral, grunt_decor_one_mirror,
          uniq_prince_ribbit1
D:9:      layout_basic, lemuel_coloured_pillars_altar, kennysheep_little_box
D:10:     layout_roguey, chequers_temple_overflow_minitemple
D:11:     layout_stronghold, lair_entry_dummy, gammafunk_ghost_necromancy,
          serial_shops, shop, nzn_life_drinkers
D:12:     layout_rooms, kennysheep_orc_monster_closet_entryway, uniq_kirke
D:13:     layout_gridville, uniq_maurice
D:14:     layout_basic, lightli_vaults_fourway_checkpoint
D:15:     hangedman_depths_entry_civil_slaughter, layout_long_grid
Temple:   nicolae_temple_two_arcs
Lair:1:   beast_lair_carwin_large_2, layout_misc_corridors, special_room
          [special_room_bee], lemuel_fruit_fields
Lair:2:   layout_gridlike, portal_ice_cave_entry_pillars_2,
          chequers_serial_rivers_room_a, chequers_serial_rivers_room_b,
          grunt_forest_large_clearings, grunt_megastairs_5,
          serial_bayou_shore_b, infiniplex_staircase_pool_2, lemuel_fruit_tree
Lair:3:   layout_cave_pods, nicolae_swamp_entry_spooky,
          spider_nest_entry_funnel_web, nicolae_lair_lindhole,
          grunt_megastairs_3, uniq_nergalle, uniq_rupert
Lair:4:   layout_hall_layers, special_room [special_room_mythical_zoo],
          st_stairs_5, chequers_serial_rivers_large_a,
          nicolae_quartered_pool_impasse
Lair:5:   grunt_lair_end_beastmaster, layout_cave_pods, slime_entry_2,
          nicolae_lair_liquid_snakes, lemuel_fruit_fields
Swamp:1:  layout_falls_marsh, evilmike_swamp_ruin_rubble_1, swamp_pool1,
          infiniplex_staircase_pool
Swamp:2:  layout_basic_swamp, hangedman_swamp_diagram, swamp_pool4,
          nicolae_swamp_trees_clearing
Swamp:3:  layout_basic_swamp, nicolae_swamp_very_dense_foliage, swamp_pool2,
          beargit_elvish_explorers
Spider:1: layout_spider_delve, nicolae_spider_not_touching_you
Spider:2: layout_spider_delve, nicolae_spider_cling_halls, uniq_jorgrun,
          uniq_aizul, uniq_arachne
Spider:3: layout_spider_delve
Spider:4: spider_rune_water, uniq_bai_suzhen, uniq_louise, uniq_mlioglotl
Orc:1:    layout_caves, serial_shops, nicolae_shop_gaudy_bauble, uniq_fannar
Orc:2:    st_orc_ogre_mass, layout_caves
Vaults:1: vaults_room_boxed, nicolae_vaults_network_square,
          nicolae_vaults_lightning_bolt, v_pattern_2, v_misc_2,
          vaults_room_grunt_arrival_ludios, nicolae_vaults_storage_closets_1,
          nicolae_vaults_double_plus_3, nicolae_vaults_diagonal_hallway_7,
          nicolae_vaults_little_squares_6, nicolae_vaults_meeting,
          ontoclasm_vaults_ring_small, nicolae_vaults_apartment_2,
          layout_vaults_ring, serial_glass, uniq_asterion, uniq_saint_roka
Vaults:2: nicolae_vaults_spaceships, nicolae_vaults_frosty_reception,
          st_greater_box_2, vaults_room_door_ring, ontoclasm_vaults_fault,
          nicolae_vaults_network_barrier, hangedman_vaults_stretched_pinwheel,
          nicolae_vaults_sightless_eye, v_misc_3, v_misc_30,
          ontoclasm_vaults_ligature, nicolae_vaults_trapezoid_layered,
          layout_vaults_omnibox, nicolae_trove_entry_path_of_doom, uniq_sojobo

Skill      XL: |  1  2  3  4  5  6  7  8  9 10 11 12 13 14 15 16 17 18 19 20 |
---------------+-------------------------------------------------------------+-----
Axes           | 2 3 5 8 9 11 12 13 14 15 16 17 18 | 18.0
Throwing       | 1 2 3 6 8 9 |  9.0
Fighting       | 4 6 7 9 10 11 12 13 14 15 17 | 17.0
Dodging        | 1 2 3 4 5 6 7 |  7.0
Armour         | 4 6 7 8 9 10 11 12 13 14 15 | 15.7
Invocations    | 4 7 10 | 10.0
Shields        | 4 5 6 7 12 13 15 18 19 | 19.2

Action                     |  1- 3 |  4- 6 |  7- 9 | 10-12 | 13-15 | 16-18 | 19-21 || total
---------------------------+-------+-------+-------+-------+-------+-------+-------++-------
  Melee: War axe           |    94 |    74 |   244 |     3 |       |       |       ||   415
         Broad axe         |       |       |       |   489 |   815 |  1209 |   372 ||  2885
         Morningstar       |       |       |       |     7 |    28 |    30 |       ||    65
  Throw: Javelin           |    32 |    15 |       |       |    10 |   183 |    48 ||   288
         Boomerang         |       |       |       |   100 |   243 |    24 |     9 ||   376
 Invoke: Heroism           |       |       |     7 |    29 |    26 |    32 |    11 ||   105
         Finesse           |       |       |       |     1 |    10 |     8 |     3 ||    22
    Use: Scroll            |     6 |     6 |     7 |    10 |     9 |     9 |     3 ||    50
         Potion            |       |       |     1 |     3 |     3 |     6 |     2 ||    15
   Stab: Distracted        |       |       |       |       |     1 |       |    13 ||    14
 Armour: Scale mail        |    49 |    57 |    39 |       |       |       |       ||   145
         Chain mail        |       |       |    81 |       |       |       |       ||    81
         Plate armour      |       |       |    57 |   331 |   439 |   583 |    95 ||  1505
  Dodge: Dodged            |    39 |    42 |   106 |   160 |   246 |   380 |    56 ||  1029
  Block: Buckler           |    20 |     8 |    50 |   129 |    59 |       |       ||   266
         Kite shield       |       |       |       |       |   320 |   444 |       ||   764
         Tower shield      |       |       |       |       |       |   509 |   266 ||   775

Table legend:
 A = Non-vault XP
 B = Vault XP
 C = Vault XP percentage of total XP
 D = Non-vault monster count
 E = Vault monster count
 F = Vault count percentage of total count
                 A         B        C        D         E       F
            +---------+---------+-------+---------+---------+-------
      Total |  249991 |  160256 |  39.1 |     833 |     347 |  29.4
            +---------+---------+-------+---------+---------+-------
        D:1 |      27 |       0 |   0.0 |      16 |       0 |   0.0
        D:2 |      40 |       0 |   0.0 |      18 |       0 |   0.0
        D:3 |     197 |      37 |  15.8 |      19 |       1 |   5.0
        D:4 |     276 |      34 |  11.0 |      14 |      12 |  46.2
        D:5 |     678 |     875 |  56.3 |      16 |       3 |  15.8
        D:6 |     779 |     792 |  50.4 |      16 |      10 |  38.5
        D:7 |     947 |       0 |   0.0 |      25 |       0 |   0.0
        D:8 |    1930 |     259 |  11.8 |      10 |       1 |   9.1
        D:9 |    3386 |       0 |   0.0 |      31 |       0 |   0.0
       D:10 |    2442 |       0 |   0.0 |      28 |       0 |   0.0
       D:11 |    4684 |     205 |   4.2 |      18 |       1 |   5.3
       D:12 |    4352 |    3770 |  46.4 |      17 |      26 |  60.5
       D:13 |    4683 |     469 |   9.1 |      16 |       1 |   5.9
       D:14 |   20467 |    7397 |  26.5 |      43 |      12 |  21.8
       D:15 |   21037 |    4253 |  16.8 |      42 |       6 |  12.5
     Lair:1 |    5399 |    2155 |  28.5 |      25 |      26 |  51.0
     Lair:2 |    8611 |    1037 |  10.7 |      31 |       5 |  13.9
     Lair:3 |   11691 |    6789 |  36.7 |      33 |      13 |  28.3
     Lair:4 |    8981 |    5683 |  38.8 |      30 |      26 |  46.4
     Lair:5 |    4278 |    9400 |  68.7 |      13 |      23 |  63.9
    Swamp:1 |   11915 |       0 |   0.0 |      29 |       0 |   0.0
    Swamp:2 |    9552 |       0 |   0.0 |      22 |       0 |   0.0
    Swamp:3 |    9965 |    3652 |  26.8 |      21 |       5 |  19.2
   Spider:1 |   11951 |    2421 |  16.8 |      34 |       3 |   8.1
   Spider:2 |   11492 |    5281 |  31.5 |      23 |       3 |  11.5
   Spider:3 |   18140 |       0 |   0.0 |      45 |       0 |   0.0
   Spider:4 |   24112 |   24268 |  50.2 |      65 |      41 |  38.7
      Orc:1 |    2208 |     899 |  28.9 |      33 |       1 |   2.9
      Orc:2 |    3988 |   15424 |  79.5 |      32 |      34 |  51.5
   Vaults:1 |   15462 |   42668 |  73.4 |      23 |      66 |  74.2
   Vaults:2 |   11278 |   22488 |  66.6 |      15 |      28 |  65.1
    Abyss:2 |   15043 |       0 |   0.0 |      30 |       0 |   0.0
            +---------+---------+-------+---------+---------+-------
